 Dungeon Crawl Stone Soup version 0.28.0-45-g0d030f2227 (webtiles) character file.

Game seed: 9755533655502579550

130 DemonSlayer the Firebug (level 4, -2/30 HPs)
             Began as a Demonspawn Fire Elementalist on Apr 18, 2022.
             Killed by divine providence
             ... invoked by an orc priest
              (14 damage)
             ... on level 2 of the Dungeon.
             The game lasted 00:09:10 (3311 turns).

DemonSlayer the Firebug (DsFE)                      Turns: 3311, Time: 00:09:11

Health: -2/30      AC:  8    Str:  4 (7)  XL:     4   Next: 89%
Magic:  4/8        EV: 13    Int: 23 (24) God:
Gold:   55         SH:  0    Dex: 10 (13) Spells: 5/8 levels left

rFire   . . .      SeeInvis .   o - +2 dagger (speed)
rCold   . . .      Faith    .   (no shield)
rNeg    . . .      Spirit   .   d - +3 leather armour
rPois   .          Reflect  .   n - +1 helmet
rElec   .          Harm     .   (no cloak)
rCorr   +          Rampage  .   (no gloves)
Will    .....                   (no boots)
Stlth   ++........              (no amulet)
HPRegen 0.10/turn               m - +6 ring of intelligence
MPRegen 0.11/turn               p - ring of resist corrosion

@: attractive, hasted, very quick
A: repulsion field 1, demonic guardian 1, talons 1, weak 1
a: no special abilities


You were on level 2 of the Dungeon.
You visited 1 branch of the dungeon, and saw 3 of its levels.

You collected 133 gold pieces.
You spent 78 gold pieces at shops.

Inventory:

Hand Weapons
 b - a +2 hand axe of flaming
 g - a +2 dagger of flaming
 o - a +2 dagger of speed (weapon)
Armour
 d - a +3 leather armour (worn)
 n - a +1 helmet (worn)
Jewellery
 m - a +6 ring of intelligence (left hand)
 p - a ring of resist corrosion (right hand)
Scrolls
 a - a scroll of acquirement {unknown}
 f - 3 scrolls of identify {unknown}
 h - a scroll of fear
 i - a scroll of teleportation
 j - 3 scrolls of noise {unknown}
Potions
 r - a potion of attraction


   Skills:
 + Level 0.1 Fighting
 + Level 0.3 Short Blades
 + Level 1.6 Armour
 + Level 2.0 Dodging
 + Level 2.1 Stealth
 + Level 2.8 Spellcasting
 + Level 1.9 Conjurations
 + Level 3.4 Fire Magic


You had 5 spell levels left.
You knew the following spells:

 Your Spells              Type           Power      Damage    Failure   Level
a - Foxfire               Conj/Fire      60%        2x1d7     7%          1
b - Scorch                Fire           38%        2d7       8%          2

Your spell library contained the following spells:

 Spells                   Type           Power      Damage    Failure   Level
 Static Discharge         Conj/Air       7%         N/A       21%         2
 Conjure Flame            Conj/Fire      15%        6-21      21%         3
 Inner Flame              Hex/Fire       11%        N/A       30%         3
 Flame Wave               Conj/Fire      15%        2d6       56%         4
 Lightning Bolt           Conj/Air       3%         1d15      98%         5
 Maxwell's Capacitive Co  Air            1%         ∞         100%        8


Dungeon Overview and Level Annotations

Branches:
Dungeon (3/15)

Altars:

Shops:
D:2 (*=?


Innate Abilities, Weirdness & Mutations

You are surrounded by a mild repulsion field. (EV +2)
A weak demonic guardian rushes to your aid.
You have sharp toenails.
You are weak. (Str -2)


Message History

There is a strange disturbance nearby!
Something hits your quasit! Something is attracted toward you.
Something is attracted toward you. Something misses your quasit.
Something is attracted toward you. Something is attracted toward you.
Your quasit disappears in a puff of smoke!
There is a strange disturbance nearby!
It was a potion of mutation.
You feel extremely strange.
Your toenails lengthen and sharpen.
You feel weaker. Something hits you.
* * * LOW HITPOINT WARNING * * *
It was a potion of degeneration.
There was something very wrong with that liquid.
You feel weakened.
You feel dopey.
You feel clumsy. Something barely misses you.
It was a potion of haste.
You feel yourself speed up. Something hits you but does no damage.
You hear some strange, mumbled prayers to Beogh.
Something is attracted toward you. Something is attracted toward you.
Things that are here:
a +0 spear; a +0 animal skin; a +1 helmet
Things that are here:
a +0 dagger; a goblin corpse; a hobgoblin corpse
There is a stone staircase leading up, spattered with blood here.
You hear something invoke the aid of Beogh against you.
Pain shoots through your body!
* * * LOW HITPOINT WARNING * * *
A demonic guardian appears!
You climb upwards.
Your summoned ally is left behind.
Reactivating autopickup.
There is a stone staircase leading down here.
You start resting.
There is a strange disturbance nearby!
There is a strange disturbance nearby!
There is a strange disturbance nearby!
It was a potion of curing.
You feel better.
You hear something mumble some strange prayers to Beogh against you.
Beogh smites you!
You die...

# # ##### ##############
#...# .............######.#.#
................@{....#
...∩...###.#..#####.###
##...#.###.#..#.....#
#.........#..#.#####
##.....#####..#.####
..............#....####
##............#.∩.....#
#...<..∩......#...##.########
#....#......................#


There were no monsters in sight!

Vanquished Creatures
  Ijyb (D:3)
  Terence (D:3)
  Robin (D:3)
  An adder (D:3)
  A worm (D:2)
  3 orcs
  5 ball pythons
  4 endoplasms
  9 goblins
  6 hobgoblins
  A quokka (D:3)
  5 bats
  6 frilled lizards
  5 kobolds
  2 rats (D:1)
51 creatures vanquished.

Vanquished Creatures (collateral kills)
  A goblin (D:3)
  2 hobgoblins (D:2)
3 creatures vanquished.

Vanquished Creatures (others)
  123 foxfires
123 creatures vanquished.

Grand Total: 177 creatures vanquished

Notes
Turn   | Place    | Note
-------+----------+-------------------------------------------
     0 | D:1      | DemonSlayer the Demonspawn Fire Elementalist began the
                  | quest for the Orb.
     0 | D:1      | Reached XP level 1. HP: 13/13 MP: 3/3
   349 | D:1      | Reached skill level 3 in Fire Magic
   461 | D:1      | Noticed an ogre
   461 | D:1      | Noticed an ogre
   461 | D:1      | Noticed an ogre
   461 | D:1      | Noticed an ogre
   465 | D:1      | Gained mutation: A weak demonic guardian rushes to your
                  | aid. [demonic ancestry]
   465 | D:1      | Reached XP level 2. HP: 16/19 MP: 0/5
   795 | D:1      | Learned a level 2 spell: Scorch
  1296 | D:2      | Found Din Mego's Magic Scroll Emporium.
  1301 | D:2      | Bought a scroll of fear for 42 gold pieces
  1301 | D:2      | Bought a scroll of teleportation for 36 gold pieces
  1307 | D:2      | Found Nameum's Jewellery Emporium.
  1311 | D:2      | Found Nuhown's Assorted Antiques.
  1383 | D:2      | Found Gajym's Weapon Boutique.
  1930 | D:2      | Gained mutation: You are surrounded by a mild repulsion
                  | field. (EV +2) [demonic ancestry]
  1930 | D:2      | Reached XP level 3. HP: 18/24 MP: 0/6
  2312 | D:3      | Noticed Terence
  2318 | D:3      | Killed Terence
  2356 | D:3      | Noticed Ijyb
  2414 | D:3      | Noticed Robin
  2429 | D:3      | Reached XP level 4. HP: 30/30 MP: 0/7
  2998 | D:3      | Reached skill level 1 in Armour
  3107 | D:3      | Killed Robin
  3252 | D:3      | Killed Ijyb
  3299 | D:3      | Gained mutation: You have sharp toenails. [potion of
                  | mutation]
  3299 | D:3      | Gained mutation: You are weak. (Str -2) [potion of
                  | mutation]
  3311 | D:2      | Killed from afar by an orc priest

Illustrated notes

Levels and vault maps discovered:
D:1:      erik_arrival_cave_to_civilisation [erik_arrival_cave_to_temple],
          layout_loops_ring, chequers_mini_garden
D:2:      layout_basic, serial_shops, shop, shop,
          nicolae_shop_temple_entry_statues_fountains, shop_scrolls
D:3:      layout_rooms, uniq_robin, uniq_terence, uniq_ijyb

Skill      XL: |  1  2  3  4 |
---------------+-------------+-----
Fire Magic     | 3 |  3.4
Stealth        | 2 |  2.1
Dodging        | 2 |  2.0
Armour         | 1 |  1.6
Fighting       | |  0.1
Short Blades   | |  0.3
Spellcasting   | |  2.8
Conjurations   | |  1.9

Action                   |  1- 3 |  4- 6 || total
-------------------------+-------+-------++-------
Melee: Unarmed           |     2 |       ||     2
       Dagger            |    25 |    26 ||    51
       Punch             |     1 |       ||     1
 Cast: Foxfire           |    68 |    12 ||    80
       Scorch            |     1 |     9 ||    10
  Use: Potion            |       |     6 ||     6
 Stab: Sleeping          |     1 |       ||     1
Armor: Leather armour    |    19 |     6 ||    25
Dodge: Dodged            |    28 |    17 ||    45
